Map: Orbital Shipyard

Players

WOLOLO

  • Race: Zerg Zerg
  • League: Grandmaster

Mihai - Winner!

  • Race: Terran Terran
  • League: Master

VOD

Have the link to the VOD?

Description

Time

  • Played on: Dec. 12, 2015, 9:25 p.m.
  • Length: 6:27
Show
View Real Time Build Order
Export as new Build Order

WOLOLO Zerg 

Build Orders: Hatch First 

Get SALT Encoding   

  12  0:01  Drone  
  13  0:12  Overlord  
  13  0:17  Drone  
  14  0:30  Drone x2  
  14  0:34  Drone  
  17  0:51  Hatchery  
  17  0:54  Drone  
  17  0:57  Drone  
  18  1:11  Spawning Pool  
  17  1:13  Drone  
  17  1:17  Drone  
  19  1:36  Hatchery  
  19  1:39  Drone  
  19  1:42  Drone  
  20  1:50  Overlord  
  20  1:57  Queen  
  22  2:05  Queen  
  24  2:09  Drone  
  24  2:12  Zergling x2  
  24  2:15  Zergling x2  
  27  2:18  Drone  
  28  2:24  Drone  
  28  2:27  Drone  
  30  2:32  Drone  
  30  2:35  Queen  
  32  2:43  Queen  
  34  2:46  Overlord  
  34  2:48  Drone  
  35  2:55  Queen  
  37  2:59  Spore Crawler  
  36  3:06  Drone x3  
  36  3:09  Extractor  
  36  3:10  Extractor  
  37  3:15  Drone x3  
  37  3:16  Drone  
  41  3:24  Overlord  
  41  3:25  Overlord  
  41  3:36  Spine Crawler  
  40  3:42  Drone x2, Overlord  
  40  3:44  Drone  
  40  3:45  Drone x2  
  45  3:55  Drone x3  
  48  3:59  Drone x2  
  48  4:01  Extractor  
  49  4:04  Extractor  
  49  4:06  Lair  
  48  4:17  Roach Warren  
  47  4:30  Drone x3  
  50  4:32  Overlord x2  
  50  4:46  Overlord x4  
  50  4:58  Drone x2  
  50  4:59  Drone x2  
  55  5:00  Drone  
  55  5:02  Drone x2  
  55  5:03  Drone  
  55  5:05  Glial Reconstitution  
  58  5:14  Roach x2  
  60  5:16  Roach  
  60  5:18  Roach  
  66  5:21  Roach  
  66  5:24  Roach  
  70  5:29  Roach  
  70  5:31  Roach  
  78  5:35  Roach  
  78  5:38  Ravager  
  73  5:47  Roach  
  73  5:48  Roach x6  
  76  5:50  Ravager x2  
  77  6:01  Overlord x2  
Show
View Real Time Build Order
Export as new Build Order

Mihai Terran - Winner!

Build Orders:  

Get SALT Encoding   

  12  0:01  SCV  
  13  0:13  SCV  
  14  0:18  Supply Depot  
  14  0:25  SCV  
  15  0:40  SCV  
  15  0:42  Barracks  
  16  0:46  Refinery  
  16  0:52  SCV  
  17  1:04  SCV  
  18  1:16  SCV  
  19  1:24  Barracks  
  19  1:28  Orbital Command  
  19  1:29  Reaper  
  19  1:32  Supply Depot  
  20  1:37  Refinery  
  20  1:54  SCV  
  21  2:06  SCV  
  21  2:07  Barracks Reactor  
  22  2:11  Barracks Reactor  
  22  2:14  Supply Depot  
  22  2:18  SCV  
  23  2:26  Factory  
  23  2:30  SCV  
  24  2:43  Marine x2  
  27  2:47  Marine x2  
  27  2:49  Supply Depot  
  28  3:01  Marine  
  28  3:03  Marine  
  31  3:06  Marine x2  
  31  3:12  Factory Tech Lab  
  33  3:14  Starport  
  33  3:17  Supply Depot  
  33  3:19  Marine  
  33  3:21  Marine  
  33  3:25  Marine x2  
  36  3:32  Siege Tank  
  39  3:38  Marine  
  40  3:41  Marine  
  40  3:44  Marine  
  40  3:45  Marine  
  43  3:54  Medivac  
  45  3:57  Supply Depot, Marine  
  45  4:02  Marine  
  47  4:05  Siege Tank  
  50  4:15  Marine x2  
  52  4:19  Marine  
  52  4:22  Supply Depot  
  53  4:27  Medivac  
  53  4:30  Marine  
  56  4:34  Marine  
  56  4:38  Marine  
  57  4:42  Marine  
  58  4:49  Siege Tank  
  61  4:55  Supply Depot  
  61  4:58  Marine  
  62  5:00  Marine  
  62  5:05  Medivac  
  65  5:08  Marine  
  66  5:14  Marine  
  66  5:15  Marine  
  66  5:17  Marine  
  68  5:29  Marine  
  68  5:35  Marine  
  68  5:43  Marine x2  
  68  5:44  Siege Tank, Medivac  
  68  5:47  Supply Depot, Marine  
  75  5:53  Marine  
  76  6:01  Marine  
Tags
 
Add a new tag
Caveats
  • Supply blocks, unpowered buildings, or Contaminate may cause inaccurate times.
  • Supply counts are checked every 10 seconds.